 Dungeon Sprint DCSS version bcrawl-1.17.3 (webtiles) character file.

Game seed: 15290405416303065896

101 Freyura the Ducker (level 4, 0/35 HPs)
             Began as a Vampire Gladiator on Oct 20, 2019.
             Was an Initiate of Makhleb.
             Slain by an orc warrior
             ... wielding a +0 scimitar
              (10 damage)
             ... in the Dungeon (Sprint IX: "|||||||||||||||||||||||||||||").
             The game lasted 00:04:16 (1895 turns).

Freyura the Ducker (Vampire Gladiator)              Turns: 1895, Time: 00:04:16

Health: 0/35       AC:  9    Str: 17    XL:     4   Next: 48%
Magic:  4/4        EV: 17    Int: 11    God:    Makhleb [......]
Gold:   0          SH:  0    Dex: 15    Spells: 3/3 levels left

rFire    . . .     SeeInvis +   p - +2 rapier (elec)
rCold    + . .     Gourm    .   (no shield)
rNeg     + + .     Faith    .   t - +2 ring mail
rPois    ∞         Spirit   .   c - +0 helmet
rElec    .         Reflect  .   (no cloak)
rCorr    .         Harm     .   r - +0 pair of gloves
MR       .....     NoTele   +   (no boots)
Stlth    +++.......             (no amulet)
HPRegen  0.05/turn              s - +3 ring of intelligence
MPRegen  0.09/turn              u - +2 ring of evasion

@: bloodless, regenerating slowly
A: claws 1, fangs 3, see invisible, unbreathing
a: Renounce Religion


You were in the Dungeon.
You worshipped Makhleb.
Makhleb was noncommittal.
You were bloodless.

You visited 1 branch

Inventory:

Hand Weapons
 p - a +2 rapier of electrocution (weapon)
Missiles
 d - 3 throwing nets (quivered) {!f}
Armour
 c - a +0 helmet (worn)
 r - a +0 pair of gloves (worn)
 t - a +2 ring mail (worn)
Jewellery
 s - a +3 ring of intelligence (left hand)
 u - a +2 ring of evasion (right hand)
Wands
 o - a wand of acid (10)
Scrolls
 k - 2 scrolls of blinking
 m - 3 scrolls of remove curse
 n - 2 scrolls of amnesia
Potions
 e - a potion of blood
 f - 5 potions of curing
 g - 3 potions of heal wounds
 h - a potion of haste
 i - 4 potions of magic
 j - a potion of berserk rage
 l - a potion of invisibility


   Skills:
 + Level 3.3 Fighting
 + Level 7.2 Short Blades
 + Level 2.3 Throwing
 + Level 0.5 Armour
 + Level 7.4 Dodging
 + Level 0.0 Invocations


You had 3 spell levels left.
You didn't know any spells.
Your spell library was empty.

Dungeon Overview and Level Annotations

Branches:
Dungeon (1/1)

Altars:
Cheibriados
Dithmenos
Elyvilon
Fedhas
Gozag
Hepliaklqana
Kikubaaqudgha
Lugonu
Makhleb
Nemelex Xobeh
Okawaru
Qazlal
Ru
Sif Muna
Trog
Uskayaw
Vehumet
Wu Jian
Xom
Yredelemnul
Zin
The Shining One
Beogh
Jiyva


Innate Abilities, Weirdness & Mutations

You heal slowly.
You are immune to poison.
You have sharp fingernails.
You have razor-sharp teeth.
You have supernaturally acute eyesight. (SInv)
You can survive without breathing.


Message History

The orc warrior hits you with a +0 scimitar!
You puncture the orc warrior!
The orc warrior is moderately wounded.
The orc warrior closely misses you.
You hit the orc warrior but do no damage.
The orc warrior is moderately wounded.
The orc warrior closely misses you.
You hit the orc warrior. Your bite misses the orc warrior.
The orc warrior is heavily wounded.
You hit the orc warrior.
The orc warrior is severely wounded.
The orc warrior hits you with a +0 scimitar!
* * * LOW HITPOINT WARNING * * *
You are too injured to fight recklessly!
You are too injured to fight recklessly!
You are too injured to fight recklessly!
You puncture the orc warrior!
The orc warrior is almost dead.
The orc warrior hits you with a +0 scimitar!
You die... ▓▓▓▓▓▓▓▓▓▓▓▓▓▓▓▓▓▓▓▓▓▓▓▓ +JWYSTo@)....)|..'______ ▓▓▓▓▓▓▓▓▓▓▓▓▓▓▓▓▓▓▓▓▓▓▓▓

You could see a slime creature, a troll, a hungry ghost, an orc warrior, an ice beast and an adder.

Vanquished Creatures
  A phantom (D)
  An adder (D)
  3 quokkas (D)
  2 goblins (D)
  2 kobolds (D)
  A rat (D)
10 creatures vanquished.

Vanquished Creatures (others)
  A spatial maelstrom (D)
1 creature vanquished.

Grand Total: 11 creatures vanquished

Notes
Turn   | Place    | Note
-------+----------+-------------------------------------------
     0 | D        | Freyura the Vampire Gladiator began the quest for the Orb.
     0 | D        | Reached XP level 1. HP: 16/16 MP: 1/1
     5 | D        | Banished a spatial maelstrom
    82 | D        | Noticed a phantom
    91 | D        | Reached XP level 2. HP: 21/22 MP: 2/2
    99 | D        | Reached skill level 5 in Dodging
   127 | D        | Killed a phantom
   127 | D        | Reached XP level 3. HP: 5/29 MP: 3/3
   127 | D        | Reached XP level 4. HP: 6/35 MP: 4/4
  1817 | D        | Found a roughly hewn altar of Beogh.
  1817 | D        | Found a snail-covered altar of Cheibriados.
  1817 | D        | Found a shadowy altar of Dithmenos.
  1817 | D        | Found a white marble altar of Elyvilon.
  1817 | D        | Found a blossoming altar of Fedhas.
  1817 | D        | Found an opulent altar of Gozag.
  1818 | D        | Found a hazy altar of Hepliaklqana.
  1819 | D        | Found a viscous altar of Jiyva.
  1820 | D        | Found an ancient bone altar of Kikubaaqudgha.
  1821 | D        | Found a corrupted altar of Lugonu.
  1822 | D        | Found a burning altar of Makhleb.
  1823 | D        | Found a sparkling altar of Nemelex Xobeh.
  1824 | D        | Found an iron altar of Okawaru.
  1825 | D        | Found a stormy altar of Qazlal.
  1826 | D        | Found a sacrificial altar of Ru.
  1827 | D        | Found a shimmering blue altar of Sif Muna.
  1828 | D        | Found a bloodstained altar of Trog.
  1829 | D        | Found a hide-covered altar of Uskayaw.
  1830 | D        | Became a worshipper of Makhleb the Destroyer
  1831 | D        | Found a radiant altar of Vehumet.
  1832 | D        | Found an ornate altar of the Wu Jian Council.
  1833 | D        | Found a shimmering altar of Xom.
  1834 | D        | Found a basalt altar of Yredelemnul.
  1835 | D        | Found a glowing silver altar of Zin.
  1836 | D        | Found a glowing golden altar of the Shining One.
  1887 | D        | Noticed a slime creature
  1887 | D        | Noticed a hungry ghost
  1887 | D        | Noticed an ice beast
  1887 | D        | Noticed a troll
  1887 | D        | Noticed an orc warrior
  1895 | D        | Slain by an orc warrior

Skill      XL: |  1  2 |
---------------+-------+-----
Dodging        | 4 7 |  7.4
Short Blades   | 4 7 |  7.2
Fighting       | 2 3 |  3.3
Throwing       | 2 |  2.3
Armour         | |  0.5

Action                   |  1- 3 |  4- 6 || total
-------------------------+-------+-------++-------
Melee: Rapier            |    51 |     7 ||    58
       Bite              |     8 |       ||     8
Armor: Leather armour    |    12 |       ||    12
Dodge: Dodged            |    27 |     3 ||    30
